 Dungeon Crawl Stone Soup version 0.17-a0-1-g1f4be75 (webtiles) character file.

67792 Malachi the Crack Shot (level 14, -4/108 HPs)
             Began as a Centaur Hunter on Mar 6, 2015.
             Was a High Priest of Okawaru.
             Slain by a spriggan rider
             ... wielding a +3 spear of pain
              (22 damage)
             ... on level 8 of the Lair of Beasts on Mar 7, 2015.
             The game lasted 01:35:12 (29232 turns).

Malachi the Crack Shot (Centaur Hunter)            Turns: 29232, Time: 01:35:12

Health: -4/108     AC: 24    Str: 16    XL:     14   Next: 84%
Magic:  14/14      EV: 15    Int: 10    God:    Okawaru [*****.]
Gold:   887        SH:  0    Dex: 18    Spells: 0 memorised, 13 levels left

rFire  + . .     SeeInvis +     Q - +5 longbow (flame)
rCold  . . .     Clarity  +     G - +4 ring mail of Inaction {rPois rF+}
rNeg   . . .     SustAb   .     (no shield)
rPois  +         Gourm    .     V - +1 hat
rElec  .         Spirit   .     d - +0 cloak {rPois}
rCorr  .         Warding  .     w - +0 pair of gloves
rMut   .         Stasis   .     S - +3 centaur barding {Stlth+}
MR     +....                    F - amulet of clarity
Stlth  +++.......               N - +4 ring of dexterity
                                k - ring of see invisible

@: heroism, very quick, somewhat resistant to hostile enchantments, fairly
stealthy
A: hooves 3, deformed body, speed 2, tough skin 3
a: Heroism, Finesse, Renounce Religion


You were on level 8 of the Lair of Beasts.
You worshipped Okawaru.
Okawaru was extremely pleased with you.
You were hungry.

You visited 3 branches of the dungeon, and saw 20 of its levels.
You also visited: Labyrinth.

You collected 1324 gold pieces.
You spent 437 gold pieces at shops.

Inventory:

Hand weapons
 a - the +3 longbow of Tuax {velocity, +Blink rF- rC+ MR+}
   (Okawaru gifted it to you on level 10 of the Dungeon)

   Any arrow fired from it inflicts extra damage.
   It makes you vulnerable to fire.
   It protects you from cold.
   It affects your resistance to hostile enchantments.
   It lets you blink.
 g - a +3 scimitar of flaming
 Q - a +5 longbow of flaming (weapon)
Missiles
 b - 10 arrows of frost
 c - 28 arrows (quivered)
 e - 20 poisoned arrows
 J - 2 arrows of flame
 Y - 6 throwing nets
 Z - 39 arrows of dispersal
Armour
 d - a +0 cloak of poison resistance (worn)
 q - a +0 gold dragon armour
 t - a +0 centaur barding of cold resistance
 w - a +0 pair of gloves (worn)
 G - the +4 ring mail of Inaction (worn) {rPois rF+}
   (You found it on level 6 of the Lair of Beasts)

   It protects you from fire.
   It protects you from poison.
 S - a +3 centaur barding of stealth (worn)
 V - a +1 hat (worn)
Rods
 f - a +3 rod of shadows (1/11)
   (You found it on level 8 of the Lair of Beasts)
Jewellery
 h - an uncursed ring of teleport control
 k - a ring of see invisible (left hand)
 l - an uncursed amulet of stasis {unknown}
 u - an uncursed amulet of resist corrosion
 F - an amulet of clarity (around neck)
 I - an uncursed ring of wizardry
 K - an uncursed ring of ice
 M - an uncursed ring of teleportation
 N - a +4 ring of dexterity (right hand)
Magical devices
 o - a wand of cold (6)
 E - a wand of cold (4)
 R - a wand of digging (17)
Scrolls
 j - 4 scrolls of remove curse
 v - 2 scrolls of recharging
 y - 4 scrolls of fog
 D - 2 scrolls of identify
 H - a scroll of teleportation
 O - a scroll of blinking
 P - 2 scrolls of fear
 U - a scroll of enchant armour
Potions
 i - a potion of flight
 m - a potion of invisibility {unknown}
 p - a potion of berserk rage
 r - 3 potions of haste
 A - 5 potions of curing
 B - a potion of agility
 L - 4 potions of heal wounds
Comestibles
 n - 2 chunks of flesh
 s - 12 beef jerkies
 x - 16 fruits
 z - 5 meat rations
 X - 9 royal jellies


   Skills:
 + Level 5.9(10.9) Fighting
   Level 2.9(8.1) Short Blades
 + Level 1.4(7.4) Long Blades
 * Level 26.0(27) Bows
 + Level 4.2(9.2) Armour
 + Level 7.3(12.3) Dodging
 + Level 2.2(7.2) Stealth
 + Level 2.1 Invocations
 + Level 0.4 Evocations


You had 13 spell levels left.
You didn't know any spells.

Dungeon Overview and Level Annotations

Branches:
Dungeon (11/15)            Temple (1/1) D:4            Lair (8/8) D:11
 Shoals (0/5) Lair:5        Snake (0/5) Lair:6        Slime (0/6) Lair:8
    Orc (0/4) D:9

Altars:
Ashenzari
Dithmenos
Fedhas
Kikubaaqudgha
Makhleb
Okawaru
Qazlal
Trog
Vehumet
Xom
Yredelemnul
Zin
Jiyva

Shops:
D:6 *   D:8 !=(


Innate Abilities, Weirdness & Mutations

You have hooves in place of feet.
Armour fits poorly on your strangely shaped body.
You cover ground very quickly.
You have extremely tough skin (AC +3).


Message History

The arrow dissolves into shadows!
The spriggan rider hits you but does no damage.
You writhe in agony.
* * * LOW HITPOINT WARNING * * *
The yak gores your giant newt!
Your giant newt dies!
Your giant newt's corpse dissolves into shadows!
Your centaur unwields an uncursed shortbow.
Your centaur hits the yak but does no damage.
Your centaur wields an uncursed shortbow.
Your centaur shoots an arrow.
The arrow hits the yak!
The arrow dissolves into shadows!
Drink which item? (? for menu, Esc to quit)
Okay, then.
Wield which item (- for none, * to show all)? (? for menu, Esc to quit)
Your +3 scimitar of flaming stops flaming.
It bursts into flame!
Q - a +5 longbow of flaming (weapon)
The spriggan rider hits you from afar with a spear of pain!!
You die...

#.♣♣.♣♣♣♣♣..♣♣.....
##...†♣♣.♣.....♣♣♣. **
#..♣♣♣...††♣♣♣♣♣ ♣♣ P** ###
##..♣♣♣♣♣♣♣.)♣♣
..###P########....♣ ♣♣..♣****♣
.......†(c##..P...♣♣ **♣.♣♣....♣♣
.....((((.YY†.i....♣♣*...**♣♣....
.....(...YYY........♣♣..♣* ♣♣♣..
...............P@...♣♣.♣* ♣♣♣
....................♣♣.**
...P..≈.............♣♣*,**
..P≈P.P.............♣ **,********
≈P≈≈≈PPP............♣ **,,**,,,*
≈≈≈≈≈≈P≈........P.P.♣♣♣ **,,,,,*,
P≈≈*♣♣PP.........PPP..♣♣ ***,,,,,
≈≈≈*≈≈≈...P......P..P..♣♣ **,,,,
≈♣♣≈*≈≈≈.P.P..........†.♣♣♣ **,,,


You could see a spriggan rider, 5 yaks and a friendly centaur.

Vanquished Creatures
  Gastronok (D:10)
  A minotaur (Lab)
  Harold (Lair:5)
  Erica (Lair:1)
  10 hydras
  Pikel (D:8)
  2 hill giants (D:11)
  An ugly thing (D:11)
  2 black mambas
  26 elephants
  2 griffons
  Maurice (D:8)
  Joseph (D:9)
  13 spiny frogs
  10 komodo dragons
  2 fire drakes
  A queen ant (Lair:6)
  A spriggan druid (Lair:8)
  2 merfolk
  28 blink frogs
  3 trolls
  7 polar bears (Lair:8)
  A queen bee (Lair:7)
  3 two-headed ogres
  2 redbacks (Lair:8)
  A boulder beetle (Lair:7)
  12 spriggans (Lair:8)
  33 yaks
  8 basilisks
  A snapping turtle (Lair:5)
  3 deep elf magi
  Eustachio (D:6)
  A steam dragon (D:11)
  2 hungry ghosts
  9 hippogriffs
  Grum (D:10)
  26 wolves
  3 nagas (Lair:6)
  Edmund (D:4)
  Menkaure (D:6)
  11 water moccasins
  5 soldier ants (Lair:6)
  6 orc warriors
  18 porcupines
  3 ice beasts
  7 wasps
  5 black bears (Lair:8)
  8 ogres
  A slave (D:8)
  6 centaurs
  A boring beetle (Lair:7)
  14 crocodiles
  2 phantoms
  Duvessa (D:5)
  20 giant frogs
  A wyvern zombie (D:9)
  3 scorpions
  9 wights
  23 killer bees (Lair:7)
  Dowan (D:5)
  4 electric eels
  2 goliath beetles
  5 crimson imps
  A quasit (D:10)
  A giant frog skeleton (D:10)
  2 giant frog zombies
  11 iguanas
  6 orc priests
  A centaur skeleton (D:10)
  Natasha (thrice) (D:6)
  11 orc wizards
  8 hounds
  6 hell rats (Lair:4)
  A killer bee zombie (D:11)
  27 worker ants
  11 sheep
  A hound skeleton (D:10)
  A hound zombie (D:10)
  A mummy (D:11)
  2 worker ant zombies
  64 river rats
  23 adders
  2 giant mites
  A goliath beetle zombie (D:10)
  5 worms
  3 shadow imps
  An ufetubus (D:6)
  An adder zombie (D:6)
  An adder skeleton (D:4)
  8 giant geckos
  An ooze (D:3)
  40 orcs
  2 ball pythons
  6 giant cockroaches
  16 goblins
  17 hobgoblins
  7 jackals
  19 kobolds
  10 quokkas
  18 bats
  A giant gecko zombie (D:5)
  7 giant newts
  2 giant spores
  A jackal skeleton (D:4)
  An orc zombie (D:10)
  A quokka skeleton (D:6)
  35 rats
  4 ballistomycetes
  8 fungi
  10 plants
791 creatures vanquished.

Vanquished Creatures (others)
  Erolcha (D:8)
  2 slaves (D:8)
  2 centaurs (Lair:8)
  A hound zombie (D:8)
  A hobgoblin (D:8)
  A giant newt (Lair:8)
  14 fungi
  24 plants
46 creatures vanquished.

Grand Total: 837 creatures vanquished

Notes
Turn   | Place    | Note
--------------------------------------------------------------
     0 | D:1      | Malachi, the Centaur Hunter, began the quest for the Orb.
     0 | D:1      | Reached XP level 1. HP: 17/17 MP: 1/1
     6 | D:1      | Noticed an iguana
     6 | D:1      | Noticed a queen ant
     8 | D:1      | Noticed a centaur
   254 | D:1      | Reached XP level 2. HP: 21/24 MP: 2/2
   269 | D:1      | Reached skill level 6 in Bows
   811 | D:2      | Found a shadowy altar of Dithmenos.
   820 | D:2      | Reached XP level 3. HP: 20/29 MP: 3/3
  1527 | D:3      | Reached XP level 4. HP: 18/36 MP: 3/3
  2125 | D:3      | Reached skill level 1 in Armour
  2694 | D:3      | Reached skill level 7 in Bows
  3109 | D:3      | Reached XP level 5. HP: 37/41 MP: 4/4
  3465 | D:4      | Gained mutation: You are partially covered in thin metallic scales (AC +2). [potion of beneficial mutation]
  3577 | D:4      | Noticed Edmund
  3676 | D:4      | Killed Edmund
  3676 | D:4      | Reached XP level 6. HP: 34/50 MP: 5/5
  3983 | D:4      | Found a bloodstained altar of Trog.
  4079 | D:4      | Reached skill level 1 in Short Blades
  4086 | D:4      | Found a staircase to the Ecumenical Temple.
  4174 | Temple   | Entered the Ecumenical Temple
  4185 | Temple   | Became a worshipper of Warmaster Okawaru
  4288 | D:5      | Entered Level 5 of the Dungeon
  4586 | D:5      | Reached skill level 8 in Bows
  4673 | D:5      | Reached XP level 7. HP: 51/57 MP: 5/5
  4748 | D:5      | Noticed Dowan
  4753 | D:5      | Noticed Duvessa
  4770 | D:5      | Killed Duvessa
  4971 | D:5      | Killed Dowan
  5335 | D:5      | Acquired Okawaru's first power
  5354 | D:5      | Identified the Reference Book on Evil Arts and Transformation
  5833 | D:5      | Reached skill level 1 in Stealth
  6037 | D:5      | Reached skill level 9 in Bows
  6185 | D:6      | Reached XP level 8. HP: 35/63 MP: 2/6
  6347 | D:6      | Found Ghanniam's Assorted Antiques.
  6666 | D:6      | Noticed Natasha
  6906 | D:6      | Killed Natasha
  7053 | D:6      | Found a shimmering altar of Xom.
  7053 | D:6      | Found a burning altar of Makhleb.
  7117 | D:6      | Paralysed by a crimson imp for 4 turns
  7135 | D:6      | Paralysed by a crimson imp for 6 turns
  7344 | D:6      | Noticed Eustachio
  7405 | D:6      | Noticed Natasha
  7405 | D:6      | Killed Eustachio
  7405 | D:6      | Reached skill level 10 in Bows
  7415 | D:6      | Killed Natasha
  7642 | D:6      | Found a staircase to the Ecumenical Temple.
  8109 | D:6      | Noticed Menkaure
  8138 | D:6      | Killed Menkaure
  8138 | D:6      | Reached skill level 11 in Bows
  8507 | D:6      | Noticed Natasha
  8512 | D:6      | Killed Natasha
  8634 | D:6      | Reached XP level 9. HP: 43/71 MP: 4/7
  9482 | D:7      | Reached skill level 12 in Bows
  9868 | D:8      | Noticed Maurice
  9886 | D:8      | Killed Maurice
  9886 | D:8      | Reached skill level 5 in Dodging
  9892 | D:8      | Noticed Erolcha
 10269 | D:8      | Noticed Pikel
 10301 | D:8      | Killed Pikel
 10301 | D:8      | Reached skill level 13 in Bows
 10352 | D:8      | Killed Erolcha
 10570 | D:8      | Reached XP level 10. HP: 61/80 MP: 6/7
 10607 | D:8      | Reached skill level 14 in Bows
 10776 | D:8      | Found Uguph's Jewellery Shop.
 10876 | D:6      | Bought a shiny centaur barding for 437 gold pieces
 10923 | D:8      | Found Chebuc Lolo's Antique Weapon Emporium.
 10944 | D:8      | Found Wishrieli's Distillery.
 11512 | D:9      | Received a gift from Okawaru
 11954 | D:9      | Reached skill level 5 in Fighting
 11977 | D:9      | Noticed Joseph
 11994 | D:9      | Killed Joseph
 11994 | D:9      | Received a gift from Okawaru
 11994 | D:9      | Reached skill level 15 in Bows
 12622 | D:9      | Found a staircase to the Orcish Mines.
 12680 | D:9      | Acquired Okawaru's second power
 12715 | D:9      | Gained mutation: Your mind is acute. (Int +2) [potion of mutation]
 12715 | D:9      | Gained mutation: Potions and wands are less effective at restoring your health. [potion of mutation]
 12858 | D:9      | Found a blossoming altar of Fedhas.
 12859 | D:9      | Found a basalt altar of Yredelemnul.
 12862 | D:9      | Found a shattered altar of Ashenzari.
 13390 | D:10     | Entered Level 10 of the Dungeon
 13428 | D:10     | Noticed Gastronok
 13460 | D:10     | Killed Gastronok
 13460 | D:10     | Received a gift from Okawaru
 13460 | D:10     | Reached skill level 16 in Bows
 13658 | D:10     | Noticed Grum
 13686 | D:10     | Reached XP level 11. HP: 71/86 MP: 6/8
 13831 | D:10     | Killed Grum
 14143 | D:10     | Reached skill level 17 in Bows
 14175 | D:10     | Received a gift from Okawaru
 14187 | D:10     | Got a faintly glowing longbow {god gift}
 14188 | D:10     | Identified the +3 longbow of Tuax {velocity, +Blink rF- rC+ MR+} (Okawaru gifted it to you on level 10 of the Dungeon)
 14886 | D:11     | Reached skill level 18 in Bows
 14908 | D:11     | Noticed a hill giant
 14918 | D:11     | Killed a hill giant
 14932 | D:11     | Found a staircase to the Lair.
 15082 | D:11     | Noticed a hill giant
 15107 | D:11     | Killed a hill giant
 15237 | D:11     | Reached skill level 19 in Bows
 15326 | D:11     | Found a labyrinth entrance.
 15351 | Lab      | Entered a labyrinth
 16250 | Lab      | Noticed a minotaur
 16275 | Lab      | Killed a minotaur
 16275 | Lab      | Received a gift from Okawaru
 16612 | D:11     | Reached XP level 12. HP: 94/94 MP: 9/9
 16859 | Lair:1   | Entered Level 1 of the Lair of Beasts
 17301 | Lair:1   | Noticed Erica
 17304 | Lair:1   | Killed Erica
 17355 | Lair:1   | Received a gift from Okawaru
 17396 | Lair:1   | Reached skill level 20 in Bows
 17708 | Lair:1   | Identified a cursed -1 rod of shadows (11/11) (You found it in a labyrinth)
 18966 | Lair:2   | Noticed a five-headed hydra
 18974 | Lair:2   | Killed a five-headed hydra
 19109 | Lair:2   | Reached skill level 21 in Bows
 19128 | Lair:2   | Received a gift from Okawaru
 19590 | Lair:3   | Noticed a four-headed hydra
 19609 | Lair:3   | Killed a four-headed hydra
 20147 | Lair:3   | Received a gift from Okawaru
 20923 | Lair:4   | Reached skill level 22 in Bows
 21099 | Lair:4   | Reached XP level 13. HP: 98/100 MP: 8/9
 21456 | Lair:4   | Noticed a five-headed hydra
 21459 | Lair:4   | Killed a five-headed hydra
 21459 | Lair:4   | Received a gift from Okawaru
 22239 | Lair:5   | Noticed Harold
 22253 | Lair:5   | Killed Harold
 22253 | Lair:5   | Received a gift from Okawaru
 22554 | Lair:5   | Reached skill level 1 in Invocations
 22770 | Lair:5   | Received a gift from Okawaru
 22770 | Lair:5   | Reached skill level 23 in Bows
 22986 | Lair:5   | Found a staircase to the Shoals.
 23576 | Lair:6   | Found a staircase to the Snake Pit.
 23764 | Lair:6   | Got a crude ring mail
 23775 | Lair:6   | Identified the +4 ring mail of Inaction {rPois rF+} (You found it on level 6 of the Lair of Beasts)
 24482 | Lair:6   | Received a gift from Okawaru
 24880 | Lair:7   | Reached skill level 24 in Bows
 25559 | Lair:7   | Lost mutation: Your mind is acute. (Int +2) [potion of cure mutation]
 25559 | Lair:7   | Lost mutation: Potions and wands are less effective at restoring your health. [potion of cure mutation]
 25559 | Lair:7   | Lost mutation: You are partially covered in thin metallic scales (AC +2). [potion of cure mutation]
 25596 | Lair:7   | Reached skill level 1 in Long Blades
 25621 | Lair:7   | Reached XP level 14. HP: 85/108 MP: 13/13
 25960 | Lair:7   | Received a gift from Okawaru
 27086 | Lair:8   | Entered Level 8 of the Lair of Beasts
 27286 | Lair:8   | Reached skill level 25 in Bows
 27765 | Lair:8   | Found a staircase to the Slime Pits.
 27767 | Lair:8   | Found a viscous altar of Jiyva.
 27813 | Lair:8   | Received a gift from Okawaru
 28241 | Lair:8   | HP: 1/108 [blink frog (11)]
 29206 | Lair:8   | Reached skill level 26 in Bows
 29221 | Lair:8   | Identified a +3 rod of shadows (11/11) (You found it on level 8 of the Lair of Beasts)
 29232 | Lair:8   | Slain by a spriggan rider

Action                   |  1- 3 |  4- 6 |  7- 9 | 10-12 | 13-15 || total
-------------------------+-------+-------+-------+-------+-------++-------
Melee: Short sword       |    38 |       |       |       |       ||    38
       Dagger            |   105 |   193 |   432 |    81 |       ||   811
       Rapier            |       |       |    51 |       |       ||    51
       Long sword        |       |       |     7 |    48 |       ||    55
       Scimitar          |       |       |       |    33 |   159 ||   192
       Longbow           |       |       |       |       |     2 ||     2
 Fire: Shortbow          |    17 |    27 |   202 |   159 |       ||   405
       Longbow           |       |       |       |   590 |   936 ||  1526
Invok: Heroism           |       |       |       |     3 |    16 ||    19
Evoke: Wand              |       |       |     5 |       |       ||     5
       Rod               |       |       |       |     1 |     2 ||     3
  Use: Scroll            |       |    16 |     7 |    18 |     9 ||    50
       Potion            |       |     3 |       |     4 |     4 ||    11
 Stab: Sleeping          |       |       |       |       |     1 ||     1
  Eat: Chunk             |     1 |     9 |    15 |    16 |    13 ||    54
       Bread ration      |       |       |     1 |     1 |       ||     2
       Fruit             |       |       |       |     5 |     2 ||     7
       Beef jerky        |       |       |       |     2 |       ||     2
       Pizza             |       |       |       |       |     1 ||     1
       Meat ration       |       |       |       |       |     1 ||     1
